[Event "Chinese League Division-A 2024"]
[Site "Fuling Chongqing"]
[Date "2024.07.02"]
[Round "6.28"]
[White "Liu, Qingnan"]
[Black "Wu, Yixing"]
[Result "1-0"]
[ECO "B11"]
[WhiteElo "2540"]
[BlackElo "2326"]
[Annotator "TA"]
[PlyCount "65"]
[EventDate "2024.06.28"]
[EventType "team-tourn"]
[EventCountry "CHN"]
[SourceTitle "playchess.com"]
[Source "ChessBase"]
[SourceQuality "1"]
[TimeControl "40/5400+30:1800+30"]

1. e4 c6 2. Nc3 d5 3. Nf3 dxe4 4. Nxe4 Nf6 5. Qe2 Nxe4 6. Qxe4 Nd7 7. Bc4 {[%emt 0:00:03] And now Ng5 would win.} Nf6 {[%emt 0:00:04] [#]} 8. Ne5 $1 e6 {[%emt 0:00:05] The position is equal.} 9. Qe2 b5 10. Bd3 (10. Nxc6 Qc7 11. Bd3 (11. Bxb5 $2 a6 $19) 11... a6 $11 (11... Qxc6 $2 12. Bxb5 $18)) 10... Qc7 11. a4 Bd6 {[%emt 0:00:12] [#]} 12. Nxc6 b4 (12... Qxc6 $2 13. Bxb5 $18 (13. axb5 $2 Qxg2 14. Qf1 Qd5 $19) (13. axb5 $2 Qxg2 14. Qf1 Qd5 $19)) 13. Nd4 a6 {[%emt 0:00:03][%cal Oe8g8] Dodges Nb5} 14. Nf5 Be5 15. Nxg7+ Kf8 $1 16. Nh5 Nxh5 17. Qxh5 Bb7 {[%emt 0:00:03] Repels Be4} 18. Qh4 (18. Bxh7 $2 f5 19. Qh6+ Qg7 20. Qxg7+ Kxg7 $19) 18... Rg8 19. Bxh7 (19. Qxb4+ Bd6 20. Qc3 Bxg2 $11) ({Better is} 19. Bf1 $14) 19... Rxg2 $11 {[%emt 0:00:23] Threatens to win with ...f5.} 20. d4 Bg7 {[%emt 0:10:15] Strongly threatening ...f5.} 21. Bd2 f5 {[%emt 0:01:46] ...a5 is the strong threat.} 22. h3 $2 {[%emt 0:00:57] [#]} (22. Bxb4+ $11 Ke8 23. O-O-O) 22... Qf7 $4 (22... a5 $1 $19 {[%cal Ob7f3] and all is fine. White must now prevent ...Bf3!} 23. Rc1 (23. O-O-O $2 Be4 $19) 23... Bf3) 23. Bxb4+ $18 Ke8 {[%emt 0:00:09][%cal Bf8e8,Be8d8,Bd8c7,Bc7c6][%mdl 32] [#] Hoping for ...Bf6.} 24. Bg8 $1 ({Don't go for} 24. O-O-O $2 Bf6 25. Qf4 Bg5 $19 (25... Qxh7 $2 26. Kb1 $19) (25... Qxh7 $2 26. Kb1 $19)) 24... Qd7 (24... Qf6 25. Qxf6 Bxf6) 25. O-O-O Bf8 26. Qh5+ Kd8 27. d5 Bxd5 28. Bxe6 Qxe6 29. Rxd5+ Kc7 30. Ba5+ Kc6 31. Rxf5 (31. Rd2 $142 {White threatens Qf3+ and mate.} Rb8 32. Qf3+ (32. Rhd1 Bh6 $18) 32... Qe4 33. Qc3+ Kb7 34. Rd7+ Ka8 35. Re1 Qf4+ 36. Kb1) 31... Bh6+ (31... Qh6+ $18 32. Qxh6+ Bxh6+ 33. Bd2 Bxd2+ 34. Kxd2 Rd8+ 35. Kc3 Kb7) 32. Kb1 Rag8 33. Qf3+ {[%emt 0:00:04] Weighted Error Value: White=0.48/Black=0.54.  Loses game:     	White=1     	---        Missed win:     	---       	Black=1      Mistake:       	White=1     	Black=1      Inaccurate:     	---       	Black=1      OK:         	White=8     	Black=11     Best:        	White=3     	Black=3      Strong:       	White=1     	Black=1      Brilliant:      	White=1     	---} 1-0

[Event "Chinese League Division-A 2024"]
[Site "Fuling Chongqing"]
[Date "2024.07.02"]
[Round "6.29"]
[White "Wang, Qinxuanyi"]
[Black "Zhang, Xiao"]
[Result "1-0"]
[ECO "E12"]
[WhiteElo "2149"]
[BlackElo "2193"]
[Annotator "RC"]
[PlyCount "93"]
[EventDate "2024.06.28"]
[EventType "team-tourn"]
[EventCountry "CHN"]
[SourceTitle "playchess.com"]
[Source "ChessBase"]
[SourceQuality "1"]
[TimeControl "40/5400+30:1800+30"]

1. d4 Nf6 2. c4 e6 3. Nf3 b6 4. a3 Bb7 5. Nc3 d5 6. cxd5 Nxd5 7. Qc2 Be7 8. e4 Nxc3 9. bxc3 O-O 10. Bd3 c5 11. O-O Qc7 12. Qe2 Nd7 13. Bd2 Rfd8 14. Rfe1 Nf8 15. h4 Rac8 16. h5 a5 17. a4 Bc6 18. h6 g6 19. g3 Qa7 20. Bf4 Bf6 21. Qe3 cxd4 22. cxd4 Qd7 23. Bg5 Qe7 24. e5 Bxg5 25. Nxg5 f5 26. exf6 Qxf6 27. Nxe6 Qxe6 28. Qxe6+ Nxe6 29. Bc4 Bd5 30. Bxd5 Rxd5 31. Rxe6 Rxd4 32. Rxb6 Rc7 33. Rb5 Ra7 34. Rab1 Rxa4 35. Rb8+ Kf7 36. R1b7+ Rxb7 37. Rxb7+ Kf6 38. Rxh7 Rb4 39. Ra7 Rb5 40. h7 Rh5 41. g4 Rh4 42. Kg2 g5 43. Kg3 a4 44. Ra6+ Kg7 45. Rxa4 Kxh7 46. Ra5 Kg6 47. Rxg5+ 1-0

[Event "Chinese League Division-A 2024"]
[Site "Fuling Chongqing"]
[Date "2024.07.02"]
[Round "6.30"]
[White "Hu, Yu A."]
[Black "Liu, Manli"]
[Result "1/2-1/2"]
[ECO "D00"]
[WhiteElo "2127"]
[BlackElo "2056"]
[Annotator "NA RC"]
[PlyCount "60"]
[EventDate "2024.06.28"]
[EventType "team-tourn"]
[EventCountry "CHN"]
[SourceTitle "playchess.com"]
[Source "ChessBase"]
[SourceQuality "1"]
[TimeControl "40/5400+30:1800+30"]

1. d4 Nf6 2. Nc3 d5 3. Bf4 e6 4. Nb5 Na6 5. e3 c6 6. Nc3 Nb8 7. Bd3 Bd6 8. Qf3 Qc7 9. Nge2 Nbd7 10. Bxd6 Qxd6 11. Qg3 Qxg3 12. Nxg3 a5 13. a4 b6 14. O-O Ba6 15. Bxa6 Rxa6 16. e4 dxe4 17. Ncxe4 Ke7 18. Rfe1 Nxe4 19. Nxe4 Rd8 20. c3 Nf6 21. Ng5 h6 22. Nf3 Ra7 23. Ne5 Rc8 24. Nc4 Nd5 25. g3 g5 26. h3 Rac7 27. Rad1 Ra7 28. Ra1 Rac7 29. Rad1 Ra7 30. Ra1 Rac7 1/2-1/2

[Event "Chinese League Division-A 2024"]
[Site "Fuling Chongqing"]
[Date "2024.07.03"]
[Round "7.1"]
[White "Xu, Yinglun"]
[Black "Yu, Yangyi"]
[Result "1/2-1/2"]
[ECO "A50"]
[WhiteElo "2526"]
[BlackElo "2715"]
[Annotator "TA"]
[PlyCount "122"]
[EventDate "2024.06.28"]
[EventType "team-tourn"]
[EventCountry "CHN"]
[SourceTitle "playchess.com"]
[Source "ChessBase"]
[SourceQuality "1"]
[TimeControl "40/5400+30:1800+30"]

1. Nf3 Nf6 2. c4 b6 3. g3 Bb7 4. Bg2 g6 5. d4 Bg7 6. O-O O-O 7. Qc2 c5 {[%emt 0:05:11] A50: Queen's Fianchetto Defence (1 d4 Nf6 2 c4 b6).} 8. d5 b5 9. cxb5 Nxd5 10. e4 $146 ({Predecessor:} 10. Qxc5 d6 11. Qc4 Nd7 12. Nc3 Rc8 13. Qh4 Nxc3 14. bxc3 h5 15. Bg5 Re8 16. Rad1 Rxc3 17. Rxd6 {0-1 Eke,S (2224)-Morgunov,M (2416) EU-ch U18 30th 2022 (3)}) 10... Nb4 11. Qxc5 Nd3 12. Qc2 Nxc1 13. Rxc1 a6 14. bxa6 Nxa6 15. Nc3 Qb6 16. Rab1 d6 17. b4 Bxc3 18. Qxc3 Bxe4 19. Rb2 Rfc8 20. Qe3 Rxc1+ 21. Qxc1 Nc7 22. Qe3 Qxe3 23. fxe3 Nd5 24. b5 Nxe3 25. Re2 Ra3 26. b6 Bb7 27. Ng5 d5 28. Kf2 Ng4+ 29. Kg1 e6 30. h3 Ne3 31. Rf2 Nf5 32. Nxf7 Kxf7 33. g4 Kf6 34. Bf1 Ra4 35. gxf5 gxf5 36. Rb2 Ke5 37. Bb5 {[%emt 0:00:32] [#]} Ra3 ({Black should play} 37... Ra8 $1 $17 {And now ...d4 would win.} 38. Rc2 d4) 38. Rc2 $1 $11 d4 (38... Rxh3 39. Rc7 Ba8 40. b7 Bxb7 41. Rxb7) 39. Rc7 Be4 (39... Rg3+ 40. Kf1 Bd5 41. b7 Bxb7 42. Rxb7 $14) 40. b7 Bxb7 (40... Rxh3 $2 {perishes.} 41. b8=Q (41. b8=R d3 $11) 41... Rg3+ 42. Kf1 $18) 41. Rxb7 Rxa2 42. Rxh7 Rb2 43. Bc4 Rc2 44. Bd3 Rc3 45. Bf1 Kf4 46. h4 e5 47. h5 e4 48. h6 Rc6 49. Rd7 Ke3 (49... Rxh6 50. Rxd4 Kf3 51. Bg2+ Kg3 52. Bxe4) 50. h7 Rg6+ 51. Kh2 (51. Bg2 $5 Rh6 $8 52. Rg7 $11) 51... Rh6+ 52. Kg3 d3 53. Bxd3 $1 exd3 54. Re7+ Kd2 55. Kf4 Rh5 56. Rd7 Ke2 57. Re7+ Kd1 58. Ra7 d2 59. Rd7 Ke2 (59... Kc2 $5 60. Rc7+ $8 Kb2 61. Rb7+ Kc2 62. Rc7+ Kb2 63. Rb7+ Kc3 64. Rc7+ Kd3 65. Rd7+ Kc2 66. Rc7+ $11) 60. Re7+ Kf1 (60... Kd3 $5 61. Rd7+ $8 Ke2 62. Re7+ Kd3 63. Rd7+ Ke2 $11) 61. Rd7 Ke2 (61... Ke1 $5 62. Re7+ $8 Kf2 $11) 1/2-1/2

[Event "Chinese League Division-A 2024"]
[Site "Fuling Chongqing"]
[Date "2024.07.03"]
[Round "7.2"]
[White "Li, Chao b"]
[Black "Xie, Kaifan"]
[Result "1-0"]
[ECO "B19"]
[WhiteElo "2645"]
[BlackElo "2376"]
[Annotator "TA"]
[PlyCount "77"]
[EventDate "2024.06.28"]
[EventType "team-tourn"]
[EventCountry "CHN"]
[SourceTitle "playchess.com"]
[Source "ChessBase"]
[SourceQuality "1"]
[TimeControl "40/5400+30:1800+30"]

1. e4 c6 2. d4 d5 3. Nc3 dxe4 4. Nxe4 Bf5 5. Ng3 Bg6 6. h4 h6 7. Nf3 e6 8. Ne5 Bh7 9. Bd3 Bxd3 10. Qxd3 Nd7 11. Qe2 Ngf6 12. O-O Be7 {[%emt 0:04:26] The position is equal.} 13. Rd1 O-O 14. Rd3 Qc7 15. c4 c5 (15... Rad8 $11) 16. Bf4 $1 $36 {[%emt 0:00:44][%cal Oe5g6][%mdl 2048] aiming for Ng6! White has the initiative.} cxd4 17. Ng6 {[%emt 0:02:19][%cal Be5g6,Bg6f8,Bf8e6,Be6g7,Bg7f5][%mdl 32] Wards off Nxe5. White has more active pieces.} (17. Rxd4 Nxe5 18. Bxe5 Qa5 $16) 17... Bd6 {[%emt 0:01:06] Black is now going downhill.} (17... Qc5 $14 18. Nxe7+ (18. Nxf8 Rxf8 19. Rc1 Re8 $11) 18... Qxe7) 18. Bxd6 $16 Qxd6 19. Nxf8 Ne5 {[%emt 0:12:19] [#]} (19... Nc5 20. Nxe6 fxe6 (20... Nxd3 $2 21. Nxg7 Qe5 22. Qxd3 $18) 21. Rf3 $18) (19... Rxf8 $16 20. Rad1 e5) 20. Nxe6 $1 $18 Nxd3 (20... fxe6 21. Rd2) 21. Nxg7 ({Stronger than} 21. Qxd3 fxe6 22. Re1 Rd8 $11) 21... Nc5 (21... Qe5 {was called for.}) 22. N7f5 Qf4 23. Rd1 Re8 24. Qf3 ({Much less strong is} 24. Rxd4 Qc1+ 25. Rd1 (25. Qf1 $2 Re1 $19) 25... Rxe2 26. Rxc1 Rxb2 $16) 24... Qxf3 25. gxf3 Ne6 26. Nxh6+ Kf8 27. Ng4 Ng8 28. h5 Rd8 29. h6 {[%emt 0:00:29] Hoping for h7.} Ne7 30. Nf6 d3 31. Ngh5 {[%emt 0:04:26] Black must now prevent f4.} Rd4 32. h7 Ng6 33. b3 a6 34. Kf1 Nef4 {[%emt 0:04:28] [#]} 35. Nd7+ $1 Rxd7 (35... Ke7 36. Nxf4) 36. Nxf4 Kg7 37. Rxd3 Re7 {[%emt 0:00:17] [#]} 38. Rd8 $1 {[%emt 0:01:09] Intending Nxg6 and mate.} Kxh7 39. Nd5 {[%emt 0:00:05] Weighted Error Value: White=0.10 (very precise) /Black=0.36.  Mistake:       	---       	Black=4      Inaccurate:     	White=1     	Black=3      OK:         	White=17    	Black=14     Best:        	White=1     	---        Strong:       	White=1     	---        Brilliant:      	White=1     	---} 1-0

[Event "Chinese League Division-A 2024"]
[Site "Fuling Chongqing"]
[Date "2024.07.03"]
[Round "7.3"]
[White "Wu, Yixing"]
[Black "Xiu, Deshun"]
[Result "0-1"]
[ECO "D45"]
[WhiteElo "2326"]
[BlackElo "2514"]
[Annotator "TA"]
[PlyCount "76"]
[EventDate "2024.06.28"]
[EventType "team-tourn"]
[EventCountry "CHN"]
[SourceTitle "playchess.com"]
[Source "ChessBase"]
[SourceQuality "1"]
[TimeControl "40/5400+30:1800+30"]

1. d4 d5 2. c4 e6 3. Nf3 Nf6 4. Nc3 c6 5. e3 Nbd7 6. Qc2 Bd6 7. b3 O-O 8. Be2 b6 9. Bb2 Bb7 10. O-O Qe7 11. a4 a5 12. Rfe1 Bb4 13. Rad1 c5 14. cxd5 {[%emt 0:03:46] The position is equal.} exd5 15. Bb5 Rac8 16. Qf5 Rfd8 17. Re2 Bxc3 18. Bxc3 Ne4 {[%emt 0:00:06] Repels Nd2} 19. Ba1 Nd6 20. Qd3 c4 21. bxc4 {[%emt 0:00:05] Loses the game.} (21. Qc2 $17) 21... dxc4 $19 22. Qc3 Nxb5 23. axb5 Bxf3 24. gxf3 Ne5 25. e4 $2 (25. d5 {is the only way for White.} f6 (25... Nxf3+ 26. Kh1 $15) 26. e4) 25... Nd3 ({Less strong is} 25... Qg5+ 26. Kh1 $15) 26. Qd2 $2 (26. Red2 Qg5+ 27. Kh1) 26... Qh4 {[%emt 0:02:57] Strongly threatening ...Rd6. Black is clearly winning.} 27. Re3 Nf4 28. Kh1 Rd6 29. Qe1 Rh6 (29... Nd3 $142 30. Rexd3 cxd3) 30. Qg1 Nh3 31. Qg3 Nxf2+ 32. Kg1 Nxd1 33. Qxh4 Rxh4 34. Re1 {[%emt 0:00:05] [#]} c3 $1 {[%emt 0:01:38] ( -> ...c2)} 35. Rxd1 {[%emt 0:00:15] [#]} f5 $1 36. e5 (36. exf5 c2) 36... Rc4 37. e6 Rhxd4 38. Re1 Rd8 {[%emt 0:00:19] Weighted Error Value: White=0.93/Black=0.23 (precise) .  Loses game:     	White=1     	---        Mistake:       	White=2     	---        Inaccurate:     	White=2     	---        OK:         	White=2     	Black=7} 0-1

[Event "Chinese League Division-A 2024"]
[Site "Fuling Chongqing"]
[Date "2024.07.03"]
[Round "7.4"]
[White "Li, Ruofan"]
[Black "Chen, Yining"]
[Result "1-0"]
[ECO "D52"]
[WhiteElo "2321"]
[BlackElo "2300"]
[Annotator "TA"]
[PlyCount "95"]
[EventDate "2024.06.28"]
[EventType "team-tourn"]
[EventCountry "CHN"]
[SourceTitle "playchess.com"]
[Source "ChessBase"]
[SourceQuality "1"]
[TimeControl "40/5400+30:1800+30"]

1. d4 d5 2. c4 c6 3. Nf3 Nf6 4. Nc3 e6 5. Bg5 Nbd7 6. e3 Qa5 7. Nd2 Bb4 8. Rc1 dxc4 9. Bxf6 Nxf6 10. Nxc4 {[%emt 0:03:11] A dynamic duo of knights. The position is equal.} Qc7 11. g3 O-O 12. Bg2 Nd5 13. O-O Nxc3 14. bxc3 Be7 15. Qb3 b6 16. e4 Ba6 17. Rfd1 Bxc4 18. Qxc4 Rac8 19. f4 b5 20. Qe2 c5 {[%emt 0:04:39] [#] aiming for ...cxd4.} 21. d5 exd5 22. Rxd5 Qb6 {[%emt 0:01:30] Black is weak on the light squares} 23. c4 Rfd8 24. e5 bxc4 25. Qxc4 Qb4 26. Qxb4 cxb4 27. Rxd8+ Rxd8 $14 {[%emt 0:00:06][%mdl 4096] Endgame. KRB-KRB} 28. Kf1 f6 29. Rc7 Kf7 30. Ke2 {[%emt 0:02:37] White is more active.} fxe5 31. fxe5 a5 {[%emt 0:02:27] White leaves nothing to chance now.} 32. Ra7 a4 33. Rxa4 Bc5 34. Ra5 Bd4 35. Bd5+ Ke7 36. Bb3 Bg1 37. h3 Bd4 38. Rb5 Bc3 39. e6 {[%emt 0:00:26] Against Rd7} Kf6 (39... Re8 $16 40. g4 Kd6) 40. g4 h6 41. h4 {[%emt 0:02:54] Hoping for Rb7.} ({Much less strong is} 41. Rf5+ $6 Ke7 42. Ke3 (42. Rf7+ Kd6 $16) 42... Bf6 $18) 41... Re8 $2 {[%emt 0:13:01] [#]} (41... Ke7 42. h5 (42. Rb7+ Kd6 $18) 42... Kd6) 42. Ke3 (42. Rf5+ $142 Ke7 43. Rf7+ Kd6 44. Rd7+ Ke5 45. e7 (45. Rxg7 Kf4 $18)) 42... Ke7 $2 (42... g6 43. g5+ hxg5 44. hxg5+ Ke7 45. Rb7+ Kd8 46. Rd7+ Kc8) 43. Rb7+ $18 {[%emt 0:01:14] White is clearly winning.} Kd6 (43... Kd8 $142 44. Rd7+ Kc8) 44. Rd7+ Kc5 45. g5 {[%emt 0:01:51] Wards off Bf6} hxg5 46. hxg5 Bb2 47. Ke4 Kc6 48. Ba4+ {[%emt 0:00:32] Weighted Error Value: White=0.14 (very precise) /Black=0.35.  Mistake:       	White=1     	Black=4      Inaccurate:     	White=2     	Black=4      OK:         	White=18    	Black=7      Best:        	White=3     	---} 1-0

[Event "Chinese League Division-A 2024"]
[Site "Fuling Chongqing"]
[Date "2024.07.03"]
[Round "7.5"]
[White "Wang, Qinxuanyi"]
[Black "Wang, Yu A."]
[Result "1/2-1/2"]
[ECO "E11"]
[WhiteElo "2149"]
[BlackElo "2234"]
[Annotator "RC"]
[PlyCount "60"]
[EventDate "2024.06.28"]
[EventType "team-tourn"]
[EventCountry "CHN"]
[SourceTitle "playchess.com"]
[Source "ChessBase"]
[SourceQuality "1"]
[TimeControl "40/5400+30:1800+30"]

1. d4 Nf6 2. c4 e6 3. Nf3 Bb4+ 4. Bd2 a5 5. e3 O-O 6. Qc2 d5 7. Bd3 dxc4 8. Bxc4 b6 9. a3 Bxd2+ 10. Nbxd2 Nbd7 11. O-O Bb7 12. e4 c5 13. dxc5 Nxc5 14. Rfe1 Rc8 15. Rad1 Qe7 16. e5 Nd5 17. Qb1 Rfd8 18. Ne4 Nf4 19. Rxd8+ Rxd8 20. Nfg5 Nxe4 21. Nxe4 Rd4 22. Bf1 Qd8 23. Qc2 h6 24. f3 Bxe4 25. Rxe4 Rxe4 26. Qxe4 Qd2 27. Qa8+ Kh7 28. Qe4+ Kg8 29. Qa8+ Kh7 30. Qe4+ Kg8 1/2-1/2

[Event "Chinese League Division-A 2024"]
[Site "Fuling Chongqing"]
[Date "2024.07.03"]
[Round "7.6"]
[White "Wang, Hao"]
[Black "Huang, Renjie"]
[Result "1-0"]
[ECO "A28"]
[WhiteElo "2702"]
[BlackElo "2480"]
[Annotator "TA"]
[PlyCount "103"]
[EventDate "2024.06.28"]
[EventType "team-tourn"]
[EventCountry "CHN"]
[SourceTitle "playchess.com"]
[Source "ChessBase"]
[SourceQuality "1"]
[TimeControl "40/5400+30:1800+30"]

1. c4 Nf6 2. Nc3 e5 3. Nf3 Nc6 4. e4 Bb4 5. d3 d6 6. a3 {[%emt 0:00:05] A28: English Opening: Four Knights Variation.} Bc5 7. b4 Bb6 8. Na4 Bg4 9. Nxb6 Bxf3 10. Qxf3 Nd4 11. Qd1 axb6 12. g3 Qd7 13. Be3 c5 14. Bxd4 $146 ({Predecessor:} 14. Bg2 O-O 15. O-O Ra4 16. Qb1 Rfa8 17. Qb2 b5 18. bxc5 dxc5 19. cxb5 R8a5 20. Bxd4 Rxb5 {0-1 Shivakumar,S (2387)-Bournel,A (2358) Zadar 2023 (4)}) 14... cxd4 15. h4 O-O 16. Bh3 Qa4 17. Kd2 Qc6 18. a4 Ra7 19. Qc2 Rfa8 20. Ra3 (20. b5 Qc7 $11) 20... h5 (20... Rxa4 $2 {perishes.} 21. b5 Rxa3 22. bxc6 bxc6 23. Rb1 $18) 21. f3 g6 22. Rha1 Kg7 23. Kc1 Nd7 24. Kb2 Nf6 25. Qb3 ({White should try} 25. Kb3 $16) 25... Qc7 26. Qd1 $1 Qe7 27. Qd2 Nd7 28. Kb3 Nb8 29. Qg5 f6 30. Qd2 Nc6 31. b5 Nd8 32. f4 Ne6 33. Bxe6 Qxe6 34. Rf1 f5 (34... Qg4 $14) 35. Qe2 (35. exf5 $18 Qxf5 36. Qe2) 35... Rf8 $16 36. Raa1 Raa8 37. exf5 Rxf5 {[%emt 0:01:02] [#]} 38. fxe5 $1 Rxe5 {[%emt 0:06:47] [#]} 39. Qb2 $1 Re3 (39... d5 $16 40. Qxd4 Rd8) 40. Qxd4+ $18 Qe5 41. Rf4 (41. Qxb6 {gets mated.} Rxd3+ 42. Kc2 Qe2+ (42... Rxg3 {leads to mate.} 43. Qxb7+ Kh6 44. Qd5 Qc3+ 45. Kd1 Rd3+ 46. Qxd3 Qxd3+ 47. Kc1 Re8 48. Ra3 Qxf1+ 49. Kc2 Qf2+ 50. Kb3 Re3+ 51. Kb4 Qe1+ 52. Rc3 Qxc3#) 43. Kb1 Qxf1+ 44. Kb2 Qe2+ 45. Kc1 Rd1#) 41... Rf8 $2 (41... Rxg3 $16 {is more resistant.} 42. Raf1 Qxd4 43. Rxd4 Rd8) 42. Qxe5+ $18 dxe5 43. Rxf8 Kxf8 44. c5 Rxd3+ 45. Kc2 Rd5 (45... Rf3 $142 46. cxb6 Ke7) 46. cxb6 $18 Ke7 47. Rd1 Rc5+ 48. Kb3 Ke6 49. Kb4 Rc2 50. a5 Ra2 51. Rd8 e4 52. a6 1-0

[Event "Chinese League Division-A 2024"]
[Site "Fuling Chongqing"]
[Date "2024.07.03"]
[Round "7.7"]
[White "Xiao, Tong"]
[Black "Zhao, Jun"]
[Result "1/2-1/2"]
[ECO "C67"]
[WhiteElo "2518"]
[BlackElo "2538"]
[Annotator "TA"]
[PlyCount "65"]
[EventDate "2024.06.28"]
[EventType "team-tourn"]
[EventCountry "CHN"]
[SourceTitle "playchess.com"]
[Source "ChessBase"]
[SourceQuality "1"]
[TimeControl "40/5400+30:1800+30"]

1. e4 e5 2. Nf3 Nc6 3. Bb5 Nf6 4. O-O Nxe4 5. d4 Nd6 6. Bxc6 dxc6 7. dxe5 Nf5 8. Qxd8+ Kxd8 9. h3 {[%emt 0:02:29] The position is equal.} Bd7 10. Rd1 Be7 11. g4 Nh4 12. Nxh4 Bxh4 13. Nd2 Kc8 14. Nf3 Bd8 15. Bg5 {[%emt 0:05:35] Black is weak on the dark squares} f6 16. exf6 gxf6 17. Bh6 a5 18. Rd2 c5 19. Rad1 Be6 20. a3 Ra6 21. Kh2 Rb6 22. Re1 Bd7 23. c3 a4 24. Kg3 Rg8 25. Kf4 Rd6 26. Red1 Rxd2 27. Rxd2 Be7 28. Nh4 {[%emt 0:00:40] Against Rg6} Bd6+ 29. Kf3 Bc6+ 30. Ke2 Bb5+ {[%emt 0:00:36] A strong pair of Bishops.} 31. Kf3 Bc6+ 32. Ke2 Bb5+ 33. Kf3 {[%emt 0:00:45] An uneventful encounter.   Weighted Error Value: White=0.02 (flawless) /Black=0.01 (flawless) .  OK:         	White=13    	Black=15     Best:        	White=4     	---} 1/2-1/2

[Event "Chinese League Division-A 2024"]
[Site "Fuling Chongqing"]
[Date "2024.07.03"]
[Round "7.8"]
[White "Zhou, Weiqi"]
[Black "Liu, Qingnan"]
[Result "1/2-1/2"]
[ECO "A13"]
[WhiteElo "2599"]
[BlackElo "2540"]
[Annotator "TA"]
[PlyCount "90"]
[EventDate "2024.06.28"]
[EventType "team-tourn"]
[EventCountry "CHN"]
[SourceTitle "playchess.com"]
[Source "ChessBase"]
[SourceQuality "1"]
[TimeControl "40/5400+30:1800+30"]

1. Nf3 Nf6 2. c4 e6 3. g3 d5 4. Bg2 dxc4 5. Qa4+ Nbd7 6. Qxc4 a6 7. Qc2 c5 8. O-O b5 9. a4 Bb7 10. d3 Be7 11. Na3 O-O 12. axb5 axb5 {[%emt 0:00:47] [#] And now ...b4 would win.} 13. Bf4 {[%emt 0:00:05] Black is slightly better.} Nd5 (13... Qb6 {is more complex.} 14. e4 c4 15. e5 Ng4) 14. Bd2 $1 Qb6 15. Qb3 Nb4 16. Ne1 Bxg2 17. Nxg2 Ne5 18. Be3 Qb7 19. Rfc1 Rfc8 20. Rab1 Rc6 21. Bf4 Nd7 22. Ne1 Rb6 23. Bd2 Nd5 {[%emt 0:09:58][%cal Oc5c4] ...c4! would now be deadly.} 24. Qd1 Bf6 25. e4 Ne7 26. Be3 Bxb2 27. Rxb2 {[%emt 0:00:02] The position is equal.} Rxa3 28. Bxc5 Nxc5 29. Rxc5 b4 30. Qc1 Rc6 31. Qc4 Rxc5 $1 32. Qxc5 Nc6 33. Nc2 {[%emt 0:00:03][%csl LRa3,LRb4] Prevents Ra1+.} Ra5 ({But not} 33... Rc3 $2 34. Qxc3 bxc3 35. Rxb7 $18) 34. Qd6 h6 35. Nd4 Ra1+ 36. Kg2 Nxd4 37. Qxd4 $11 {[%emt 0:00:04][%mdl 4096] Endgame. KQR-KQR} Ra4 38. Qc4 Kh7 39. h4 h5 40. Rb3 e5 41. Rb2 f6 42. Kh2 Qa7 43. Kg2 Qb7 44. Kh2 Qa7 45. Kg2 Qb7 {[%emt 0:01:37] Weighted Error Value: White=0.07 (flawless) /Black=0.07 (flawless) .  Inaccurate:     	White=4     	Black=4      OK:         	White=14    	Black=11     Best:        	White=1     	---        Strong:       	White=1     	Black=1} 1/2-1/2